Description

For first! It's "Created by: birdy". Just need to improve because can't use in Spawning Tool Build Advisor.

This is just a very safe opening for beginner zergs to use vs all 3 matchups. It allows you to build economy and expand to 3 bases rather quickly. It’s just a guide that you can use consistently for the first few minutes of every game to give you a consistent start to practice.

As a beginner your main focus should be learning the fundamentals of macro, constantly building workers, spending your money and not getting supply blocked. I talked about this in detail in Daily #16:

Build Order: 17 pool 17 hatch 17 gas @100% pool - Build queen + 3 pairs of lings Que up a second queen before this one finishes Build a 3rd queen from your natural hatchery @100gas - start ling speed 36 - Defensive Tech Roach warren or Baneling nest (your choice) 44 - take a 3rd base (3:30-4:00) 50 - Lair, 2x evo chamber and 2xGas.

From here you can adjust and learn as you go. Choose which tech and upgrades to focus on. Learn how to build your economy from here naturally and enjoy figuring out the many details that will turn you into a great player!

VOD

https://www.youtube.com/watch?v=Qm78oeUGIko

Build Order

Get SALT Encoding   

  13  0:15  Overlord  
  17  0:45  Spawning Pool  
  17  1:10  Hatchery  
  16  1:25  Extractor  
  19  1:35  Queen  @Pool
  21  1:50  Overlord  
  22  2:10  Zergling  
  23  2:20  Queen  
  25  2:30  Metabolic Boost  @100 gas
  25  2:35  Zergling  
  26  2:40  Queen  
  30  2:55  Overlord  
  38  3:25  Roach Warren  Can banes instead roaches.
  42  3:35  Overlord  
  44  3:50  Hatchery  
  50  4:20  Lair  
  51  4:25  Evolution Chamber x2  
  51  4:40  Extractor x2  
  49  5:00  Zerg Missile Weapons Level 1  Can melee for banes.
  49  5:10  Zerg Ground Armor Level 1  
Spawning Tool Build Advisor. Get it on Overwolf

Go to:

Details

  • Created by: MrMody
  • Published on: Nov 27, 2017
  • Modified on: Nov 30, 2017
  • Patch: 4.0.0
Show
View Real Time Build Order
Export as new Build Order

Comments (3)

On Dec. 16, 2017, 5:38 p.m., Sporocarp  said:

Hi! Thank you very much for doing this, just a quick question though: Why make a beginner ZvX guide? Yeah I mean sure, you need something to go from, but I would rather play optimally/correctly than follow a premade build until 50 supply and this contains no information on how to react to what your opponent does. Shouldn't it, though?

On Dec. 1, 2017, 10:09 a.m., MrMody  said:

Cheers! ;)

On Dec. 1, 2017, 8:19 a.m., Joker  said:

Thanks for doing this. I was just about to do the same thing. Now I don't have to. :)

Create an account to comment!